 Dungeon Crawl Stone Soup version 0.28-a0-1444-g6c55d0bc0c (webtiles) character file.

Game seed: 18058521874679828401

2456 Essalna the Fighter (level 9, -3/105 HPs)
             Began as a Djinni Delver on Jan 10, 2022.
             Was a Follower of Makhleb.
             Slain by Harold (21 damage)
             ... on level 7 of the Dungeon.
             The game lasted 00:22:16 (10423 turns).

Essalna the Fighter (Djinni Delver)                Turns: 10423, Time: 00:22:17

Health: -3/105     AC:  4    Str: 11    XL:     9   Next: 79%
Gold:   321        EV: 12    Int: 17    God:    Makhleb [*.....] SH:  0 Dex: 14

rFire   + + .      SeeInvis .   k - +1 short sword (speed)
rCold   x . .      Faith    .   F - orb {*Rage}
rNeg    . . .      Spirit   .   t - +1 robe {Will+}
rPois   ∞          Reflect  .   (no helmet)
rElec   .          Harm     .   l - +0 cloak
rCorr   .          Rampage  .   (no gloves)
Will    +....      Rage     20% (boots unavailable)
Stlth   ..........              (no amulet)
HPRegen 0.27/turn               (no ring)
MPRegen 0.00/turn               (no ring)

@: berserking, flying, hasted, very quick
A: sickness immunity, fire resistance 2, cold vulnerability 1, float, innate
caster, hp casting, extra vitality 1
a: Renounce Religion


You were on level 7 of the Dungeon.
You worshipped Makhleb.
Makhleb was aware of your devotion.
You visited 2 branches of the dungeon, and saw 9 of its levels.

You collected 321 gold pieces.

Inventory:

Hand Weapons
 a - a +0 falchion
 k - a +1 short sword of speed (weapon)
 y - a +0 dagger of holy wrath
Armour
 b - a +0 leather armour
 l - a +0 cloak (worn)
 m - a +0 pair of boots
 t - a +1 robe of willpower (worn)
 F - an orb of wrath (worn)
 H - the +3 cloak of Icyibir {Will+}
   (You found it on level 7 of the Dungeon)

   Will:      It increases your willpower.
Wands
 g - a wand of digging (3)
 h - a wand of flame (18)
Scrolls
 c - a scroll of fog
 d - a scroll of magic mapping
 e - 4 scrolls of fear
 j - 12 scrolls of identify {unknown}
 n - a scroll of torment {unknown}
 o - 3 scrolls of teleportation {unknown}
 r - a scroll of immolation {unknown}
 s - a scroll of summoning {unknown}
 w - a scroll of holy word {unknown}
 x - 2 scrolls of vulnerability {unknown}
 z - a scroll of acquirement {unknown}
 A - a scroll of silence {unknown}
 C - a scroll of enchant armour {unknown}
 D - a scroll of blinking {unknown}
Potions
 f - 2 potions of haste
 i - a potion of ambrosia {unknown}
 p - a potion of might {unknown}
 q - a potion of lignification {unknown}
 u - a potion of curing {unknown}
 v - a potion of cancellation {unknown}
 B - a potion of heal wounds
 E - a potion of flight {unknown}
 G - a potion of mutation {unknown}


   Skills:
 + Level 8.0 Fighting
 - Level 1.7 Long Blades
 - Level 2.1 Dodging
 - Level 4.1 Stealth
 + Level 7.7 Spellcasting


You had 14 spell levels left.
You knew the following spells:

 Your Spells              Type           Power      Damage    Failure   Level
a - Freeze                Ice            100%       1d11      1%          1
b - Passwall              Tmut/Erth      26%        N/A       1%          2
c - Scorch                Fire           64%        2d8       1%          2
d - Anguish               Hex/Necr       16%        N/A       4%          4
Your spell library was empty.

Dungeon Overview and Level Annotations

Branches:
Dungeon (8/15)             Temple (1/1) D:4
   Lair: D:8-11

Altars:
Ashenzari
Cheibriados
Dithmenos
Elyvilon
Fedhas
Gozag
Hepliaklqana
Kikubaaqudgha
Makhleb
Nemelex Xobeh
Qazlal
Ru
Sif Muna
Trog
Vehumet
Wu Jian
Xom
Zin
The Shining One

Shops:
D:4 *   D:5 [   D:7 (

Annotations:
D:6 1 transporter, Stonecrops's ghost, novice FoFi
D:7 Harold; Pikel


Innate Abilities, Weirdness & Mutations

You are immune to sickness and miasma.
You are immune to poison.
Your flesh is very heat resistant. (rF++)
You are vulnerable to cold. (rC-)
You float through the air rather than walking.
You learn spells naturally, not from books.
Your magical power is your life essence.
You have superior vitality. (+4 MHP)


Message History

You feel yourself speed up.
You hit Harold but do no damage. Harold hits you with a +0 war axe.
You hit Harold but do no damage. You hit Harold but do no damage.
A red film seems to cover your vision as you go berserk!
You feel yourself moving faster!
You feel mighty!
You hit Harold.
Harold is lightly wounded.
Harold hits you with a +0 war axe!!
You hit Harold.
Harold is lightly wounded.
You hit Harold.
Harold is lightly wounded.
Harold hits you with a +0 war axe!!
You barely miss Harold.
Harold is lightly wounded.
You hit Harold.
Harold is moderately wounded.
Harold hits you with a +0 war axe.
You puncture Harold!
Harold is moderately wounded.
You hit Harold.
Harold is moderately wounded.
Harold hits you with a +0 war axe.
You puncture Harold!
Harold is heavily wounded.
You hit Harold.
Harold is heavily wounded.
Harold hits you with a +0 war axe!
You hit Harold.
Harold is heavily wounded.
You closely miss Harold.
Harold is heavily wounded.
Harold hits you with a +0 war axe!!
* * * LOW HITPOINT WARNING * * *
You completely miss Harold.
Harold is heavily wounded.
You hit Harold.
Harold is heavily wounded.
Harold hits you with a +0 war axe!!
You die...

#.## .#$.#.#.# #.#
..=.#.#.# #. #.####..#
#.#.# #. #......## #.#.#
#. #..##..# #...# #.
##..##..# #...###.
####..## ..## #.#..##.
#.....###...###.##.##.
#.#..@@.....#...##.##.
#....#?##..###.####....
....###[#..###..######..
.... #.#.####.#........
... #(#........####.:.
.. #..........# #...
#..#.......# #.@.
#..#.......# #.<.
#.)######### #..>


You could see Harold.

Vanquished Creatures
  Grinder (D:4)
  Sigmund (D:2)
  An ice beast (D:7)
  A black bear (D:6)
  An ogre (D:4)
  A centaur (D:7)
  2 phantoms
  A wyvern zombie (D:7)
  A bullfrog (D:6)
  2 scorpions (D:5)
  A wyvern skeleton (D:6)
  A howler monkey (D:5)
  A bullfrog zombie (D:6)
  2 hounds
  A bullfrog skeleton (D:4)
  A centaur skeleton (D:4)
  4 orc priests
  A gnoll shaman (D:7)
  2 iguanas
  2 orc wizards
  A killer bee zombie (D:7)
  A hound skeleton (D:4)
  A howler monkey zombie (D:4)
  7 gnolls
  5 adders
  A howler monkey skeleton (D:4)
  3 shadow imps (D:3)
  A white imp (D:7)
  2 ufetubi (D:6)
  2 worms (D:2)
  A dart slug (D:2)
  18 orcs
  8 endoplasms
  9 giant cockroaches
  9 goblins
  9 hobgoblins
  5 jackals
  A quokka (D:1)
  5 ball pythons
  9 bats
  6 frilled lizards
  5 kobolds
  7 rats
144 creatures vanquished.

Vanquished Creatures (others)
  The ghost of Gargoyl the Skirmisher, a novice GnAK of Lugonu (D:4)
  An orc warrior (D:6)
  A bullfrog (D:6)
  2 orc priests
  An iguana (D:6)
  An adder (D:6)
7 creatures vanquished.

Grand Total: 151 creatures vanquished

Notes
Turn   | Place    | Note
-------+----------+-------------------------------------------
     0 | D:5      | Essalna the Djinni Delver began the quest for the Orb.
     0 | D:5      | Reached XP level 1. HP: 20/20 MP: 0/0
     6 | D:5      | Noticed an iguana
    25 | D:5      | Noticed a scorpion
    34 | D:5      | Killed a scorpion
    35 | D:5      | Reached XP level 2. HP: 8/25 MP: 0/0
    35 | D:5      | Reached XP level 3. HP: 10/30 MP: 0/0
    35 | D:5      | Learned a level 1 spell: Freeze
    35 | D:5      | Reached XP level 4. HP: 12/35 MP: 0/0
   337 | D:5      | Noticed a scorpion
   343 | D:5      | Killed a scorpion
   344 | D:5      | Reached XP level 5. HP: 24/40 MP: 0/0
   344 | D:5      | Learned a level 2 spell: Passwall
   923 | D:4      | Found a transporter.
   924 | D:4      | Noticed a phantom
  1245 | D:3      | Found a shimmering altar of Xom.
  1246 | D:3      | Found a glowing golden altar of the Shining One.
  1294 | D:3      | Found a transporter.
  1358 | D:3      | Found a transporter.
  1387 | D:3      | Reached XP level 6. HP: 40/46 MP: 0/0
  1816 | D:3      | Found a snail-covered altar of Cheibriados.
  1948 | D:2      | Noticed Sigmund
  3116 | D:2      | Found a faded altar of an unknown god.
  3271 | D:2      | Killed Sigmund
  3272 | D:2      | Reached skill level 5 in Spellcasting
  3272 | D:2      | Reached XP level 7. HP: 19/50 MP: 0/0
  3272 | D:2      | Learned a level 2 spell: Scorch
  4059 | D:4      | Noticed Gargoyl's ghost (novice GnAK)
  4089 | D:4      | Found a transporter.
  4548 | D:4      | Found a staircase to the Ecumenical Temple.
  4559 | Temple   | Entered the Ecumenical Temple
  4601 | Temple   | Became a worshipper of Makhleb the Destroyer
  4647 | D:4      | Found Loariw's Assorted Antiques.
  4784 | D:4      | Noticed Grinder
  4793 | D:4      | Killed Grinder
  4794 | D:4      | Reached skill level 4 in Fighting
  4794 | D:4      | Reached XP level 8. HP: 45/58 MP: 0/0
  5637 | D:5      | Found a stormy altar of Qazlal.
  5704 | D:5      | Found a sacrificial altar of Ru.
  5710 | D:5      | Reached skill level 5 in Fighting
  5828 | D:5      | Found Boogekk's Armour Emporium.
  6575 | D:7      | Reached * piety under Makhleb
  6576 | D:7      | Reached skill level 6 in Fighting
  6607 | D:7      | Reached XP level 9. HP: 37/66 MP: 0/0
  6607 | D:7      | Learned a level 4 spell: Anguish
  7610 | D:6      | Noticed Stonecrops's ghost (novice FoFi)
  7611 | D:6      | Found a transporter.
  8313 | D:3      | Reached skill level 7 in Fighting
  8580 | D:4      | Killed Gargoyl's ghost
  8955 | D:7      | Found Riptic's Weapon Emporium.
  8976 | D:7      | Found a shadowy altar of Dithmenos.
  9114 | D:7      | Noticed Pikel
  9282 | D:7      | Found a sparkling altar of Nemelex Xobeh.
  9329 | D:7      | Noticed Harold
  9347 | D:7      | HP: 3/69 [Harold/harpoon shot (13)]
 10071 | D:7      | Reached skill level 8 in Fighting
 10404 | D:7      | Identified the +3 cloak of Icyibir {Will+}
 10423 | D:7      | Slain by Harold

Illustrated notes

Levels and vault maps discovered:
D:1:      dpeg_arrival_court, layout_rooms, minmay_misc_feat_more_columns,
          hangedman_decor_points, chequers_garden
D:2:      layout_rooms, ebering_ecumenical_altar_hall, palyth_stone_intersect,
          uniq_sigmund
D:3:      gammafunk_wand_slinger, layout_basic,
          chequers_temple_overflow_statue_of_worship,
          mainiacjoe_overflow_surrounded_room
D:4:      layout_loops_ring, minmay_temple_entry_glassed_door,
          gammafunk_ghost_mausoleum, serial_shops, shop, uniq_grinder
D:5:      layout_loops_ring, nicolae_qazlal_scattered_showers,
          nicolae_ru_great_annihilating_truth, serial_shops, nicolae_shop_stone,
          chequers_serial_rivers_micro_a, uniq_prince_ribbit1
D:6:      layout_basic, gammafunk_ghost_smash, serial_co_window_serial,
          co_window_paths_a, co_window_corner_a, co_window_paths_a,
          co_window_paths_b, co_window_paths_a, co_window_of_opportunity_c,
          co_window_of_opportunity_c, co_window_unsneaky_path_b,
          co_window_cross_3, co_window_corner_ca, co_window_cross_2,
          co_window_paths_c, glass_columns_a, glass_columns_b, glass_columns_a,
          glass_columns_b
D:7:      layout_rooms, mainiacjoe_overflow_alcove_2, old_standard_altar,
          grunt_dithmenos_smoke, serial_shops, shop, uniq_pikel, uniq_harold
D:8:      layout_cave_pools, mainiacjoe_overflow_brackets, eino_jars
Temple:   cyrus_temple_forest

Skill      XL: |  1  2  3  4  5  6  7  8  9 |
---------------+----------------------------+-----
Spellcasting   | 2 3 4 5 6 7 |  7.7
Fighting       | 4 6 8 |  8.0
Long Blades    | |  1.7
Dodging        | |  2.1
Stealth        | |  4.1

Action                   |  1- 3 |  4- 6 |  7- 9 || total
-------------------------+-------+-------+-------++-------
Melee: Falchion          |     3 |       |       ||     3
       Short sword       |       |    56 |    80 ||   136
 Cast: Freeze            |       |   101 |       ||   101
       Scorch            |       |       |   143 ||   143
       Passwall          |       |       |     2 ||     2
       Anguish           |       |       |    22 ||    22
Evoke: Wand              |     5 |       |       ||     5
  Use: Potion            |       |       |     1 ||     1
 Stab: Sleeping          |       |     4 |     2 ||     6
Armor: Leather armour    |       |    19 |       ||    19
       Robe              |       |       |    26 ||    26
Dodge: Dodged            |     5 |    77 |    83 ||   165

Table legend: (Time is in decaauts)
 A = Elapsed time spent in this place.
 B = Non-inter-level travel time spent in this place.
 C = Inter-level travel time spent in this place.
 D = Time resting spent in this place.
 E = Time spent auto-exploring this place.
 F = Levels seen in this place.
 G = Mean time per level.
                   A        B        C        D        E       F      G
               +--------+--------+--------+--------+--------+-----+--------+
         Total |  10417 |   9799 |    618 |    821 |   7471 |   9 | 1157.4 |
       Dungeon |  10335 |   9755 |    580 |    821 |   7443 |   8 | 1291.9 |
        Temple |     81 |     43 |     38 |      0 |     28 |   1 |   81.0 |
               +--------+--------+--------+--------+--------+-----+--------+

Top non-repeatable levels by time:
     D:6: 2451 daAuts
     D:4: 1850 daAuts
     D:5: 1698 daAuts
     D:2: 1245 daAuts
     D:3: 1200 daAuts
     D:7: 1116 daAuts
     D:1: 770 daAuts
  Temple: 81 daAuts
     D:8: 1 daAuts
